[Event "CCT Chessable Masters Playoffs 2025"]
[Site "Online"]
[Date "2025.02.18"]
[Round "1"]
[White "Carlsen, Magnus"]
[Black "Esipenko, Andrey"]
[Result "1/2-1/2"]
[Annotator "TA"]
[ECO "B13"]
[WhiteElo "2833"]
[BlackElo "2695"]
[PlyCount "73"]
[EventDate "2025.02.13"]
[EventType "k.o."]
[EventCountry "NET"]
[SourceTitle "playchess.com"]
[Source "ChessBase"]
[SourceQuality "1"]
[TimeControl "600"]

1. d4 Nf6 2. Nc3 d5 3. Bf4 c5 4. e3 cxd4 5. exd4 a6 6. Nf3 {[%emt 0:00:01] B13: Caro-Kann: Exchange Variation and Panov-Botvinnik Attack.} Nc6 7. Ne5 Bd7 8. g4 h6 (8... e6 $5) 9. h4 g6 $146 (9... Nxe5 10. dxe5 Ne4 (10... Nxg4 11. f3 $16) (10... Bxg4 11. Be2 $14) 11. Nxe4 (11. Nxd5 Bc6 $17) (11. Qxd5 Nxc3 12. bxc3 Qc8 $11) 11... dxe4 12. Bg2 $14) (9... e6 $11) (9... e6 10. Nxc6 Bxc6 11. Qf3 Qa5 12. Bd2 Qb6 13. O-O-O Qxd4 14. g5 hxg5 15. Bxg5 Qg4 16. Qe3 d4 17. Rxd4 Bc5 {0-1 Sadhwani,R (2654)-Sychev,K (2542) Wch Rapid Samarkand 2023 (12)}) 10. Bh3 Bg7 11. Nxd7 (11. Qd2 $14) 11... Nxd7 $15 12. Nxd5 {[%emt 0:00:02] Counterplay Black} ({White should play} 12. Be3 $15) 12... Qa5+ $17 13. Nc3 {[%emt 0:00:02] [#]} Nxd4 ({Better is} 13... Rd8 $1 $17 14. Bg2 Nxd4) 14. O-O {[%emt 0:00:08] [#]} (14. Be3 $15 Qc5 15. g5) 14... Ne5 $1 {[%emt 0:00:17] Excellent horsemanship.} 15. Bg2 (15. Bxe5 Qxe5) 15... Rd8 16. Bxe5 Bxe5 17. Re1 O-O (17... h5 $142 18. b4 Qxb4 19. Rxe5 Qxc3) 18. Qd3 e6 19. Rad1 Bg7 20. Ne4 f5 21. gxf5 Nxf5 (21... gxf5 {simplifies} 22. Nd2 Qxa2 23. c3 Nb5) 22. Qc4 Nxh4 23. Nc5 Nxg2 (23... Bxb2 $2 24. Nxe6 (24. Qxe6+ Kh8 $15) 24... Qc3 25. Qxh4 $18 (25. Nxd8+ $2 Qxc4 26. Bd5+ Qxd5 $17)) 24. Kxg2 {[%emt 0:00:04] [#]} Rxd1 (24... Bxb2 25. Rxd8 Rxd8 (25... Qxe1 $2 26. Nd3 $18) 26. Rxe6 $18) (24... Rd2 $1 $17 25. Qxe6+ Kh7) 25. Rxd1 $11 {[%emt 0:00:02] The position is equal.} Qc7 {[%emt 0:00:01][%cal Of8f7] and ...Rf7! should not be overlooked} 26. Qxe6+ Kh7 27. Ne4 {[%emt 0:01:35] And now Rd7 would win. Active counter play!} Qxc2 (27... Bxb2 $2 {perishes.} 28. Rd7+ $18) 28. Rd6 Qxb2 29. Qxg6+ Kh8 30. Rd7 b6 31. Rb7 a5 32. a4 Qd4 33. Re7 Qb2 34. Rb7 Qd4 35. Re7 Qb2 36. Re6 Qd4 37. Re7 {[%emt 0:00:01] Weighted Error Value: White=0.16 (very precise) /Black=0.14 (very precise)   Mistake:       	White=3     	Black=4      Inaccurate:     	White=2     	Black=1      OK:         	White=14    	Black=8      Best:        	White=1     	Black=1} 1/2-1/2

[Event "CCT Chessable Masters Playoffs 2025"]
[Site "Online"]
[Date "2025.02.18"]
[Round "1"]
[White "Carlsen, Magnus"]
[Black "Esipenko, Andrey"]
[Result "1-0"]
[Annotator "ChessBase"]
[ECO "B13"]
[WhiteElo "2833"]
[BlackElo "2695"]
[PlyCount "97"]
[EventDate "2025.02.13"]
[EventType "k.o."]
[EventCountry "NET"]
[SourceTitle "playchess.com"]
[Source "ChessBase"]
[SourceQuality "1"]
[TimeControl "600"]

1. d4 Nf6 2. Nc3 d5 3. Bf4 c5 4. e3 cxd4 5. exd4 a6 6. Nf3 Nc6 7. Ne5 Bd7 8. Ne2 e6 9. c3 Nxe5 10. dxe5 Ne4 11. f3 Nc5 12. Nd4 Qb6 13. Qd2 Rc8 14. Rc1 Be7 15. Be2 O-O 16. O-O f6 17. Rc2 Be8 18. Qe3 Bg6 19. Rd2 fxe5 20. Bxe5 Rce8 21. Nb3 Qc6 22. Nxc5 Bxc5 23. Bd4 Bxd4 24. Qxd4 Qc7 25. g3 e5 26. Qxd5+ Bf7 27. Qd6 Qxd6 28. Rxd6 Bxa2 29. Rfd1 Rf7 30. Kf2 Kf8 31. Ke3 Bb3 32. R1d2 Ba4 33. Bd3 Bc6 34. Be4 Bxe4 35. Kxe4 g6 36. Rd7 Ree7 37. Rxe7 Rxe7 38. Rd6 Kf7 39. g4 Kg7 40. g5 h6 41. h4 hxg5 42. hxg5 Rf7 43. Rb6 Re7 44. c4 Kf7 45. c5 Rc7 46. Kd5 Re7 47. b4 Kg7 48. Re6 Rf7 49. Kxe5 1-0

[Event "CCT Chessable Masters Playoffs 2025"]
[Site "Online"]
[Date "2025.02.18"]
[Round "1"]
[White "Caruana, Fabiano"]
[Black "Sevian, Samuel"]
[Result "1-0"]
[Annotator "TA"]
[ECO "C47"]
[WhiteElo "2803"]
[BlackElo "2692"]
[PlyCount "87"]
[EventDate "2025.02.13"]
[EventType "k.o."]
[EventCountry "NET"]
[SourceTitle "playchess.com"]
[Source "ChessBase"]
[SourceQuality "1"]
[TimeControl "600"]

1. e4 e5 2. Nf3 Nc6 3. Nc3 Nf6 4. h3 d5 5. exd5 Nxd5 6. Bb5 {[%emt 0:00:01] C47: Scotch Four Knights and Four Knights with 4 g3.} Nxc3 7. bxc3 Bd6 8. O-O {[%emt 0:00:01] The position is equal.} O-O 9. d4 Bd7 10. Bg5 $5 {[%emt 0:00:30][%mdl 4] Exploring less charted territory.} Qe8 11. Bc4 $146 (11. Re1 f6 12. Bh4 Nxd4 13. Nxd4 Bxb5 14. Nf5 Qg6 15. Nxd6 cxd6 16. Qxd6 Bc6 17. Bg3 Qxc2 {½-½ Kilic,E (2429)-Kvaloy,A (2450) Titled Tuesday intern op 23rd Apr Early blitz 2024 (9)}) 11... e4 12. Nd2 Kh8 13. f3 f5 14. fxe4 Qg6 {[%emt 0:00:01] Dodges e5} 15. e5 (15. Bf4 $14 fxe4 16. Bxd6 Bxh3 (16... cxd6 17. Qe2 $11) 17. Rxf8+ Rxf8 18. Qe2 Qxd6 (18... cxd6 19. Rf1 $14) 19. Nxe4) 15... Nxe5 16. dxe5 Bc5+ 17. Kh1 Qxg5 18. Nf3 (18. Nb3 $5 Bc6 19. Bd5 $16) 18... Qe7 19. e6 Be8 20. Ne5 Bd6 {[%emt 0:00:01] This pair of bishops is nice.} 21. Qe2 Qh4 {[%emt 0:00:01] Threatens to win with ...Bxe5.} 22. Bd5 Qg3 23. Rae1 {[%emt 0:00:03] Active counter play!} Qxc3 (23... c6 {is interesting.} 24. Bb3 Bh5 25. Qe3 f4) 24. Rf3 Qa5 (24... Qd4 $14 25. Rd3 (25. Bxb7 Rb8 $18) 25... Qh4) 25. Bxb7 $16 Rb8 26. Nc4 Qc5 27. Nxd6 cxd6 28. e7 Rg8 {[%emt 0:00:14] [#]} 29. Qe6 Rxb7 $11 30. Rxf5 {[%emt 0:00:02] Intending Qxg8+ and mate.} Rxe7 $1 31. Qxe7 Qxf5 32. Qxe8 Qxc2 {[%emt 0:00:00][%mdl 4096] Endgame KQR-KQR. Black is a pawn up.} 33. Qf7 h6 34. Qxa7 d5 35. a4 Qc3 36. Rd1 Rd8 37. a5 d4 38. Qb6 Ra8 39. a6 Qa3 40. Rxd4 Qa1+ 41. Kh2 Qxa6 $2 (41... Kh7 $11) 42. Rd8+ $18 Kh7 43. Qb1+ g6 44. Rd7+ {[%emt 0:00:01] Weighted Error Value: White=0.12 (very precise) /Black=0.33  Loses game:     	---       	Black=1      Mistake:       	White=2     	Black=1      Inaccurate:     	White=3     	Black=2      OK:         	White=15    	Black=19     Best:        	White=7     	Black=2      Strong:       	---       	Black=1} 1-0

[Event "CCT Chessable Masters Playoffs 2025"]
[Site "Online"]
[Date "2025.02.18"]
[Round "1"]
[White "Nakamura, Hikaru"]
[Black "Grischuk, Alexander"]
[Result "1-0"]
[Annotator "TA"]
[ECO "A01"]
[WhiteElo "2802"]
[BlackElo "2687"]
[PlyCount "95"]
[EventDate "2025.02.13"]
[EventType "k.o."]
[EventCountry "NET"]
[SourceTitle "playchess.com"]
[Source "ChessBase"]
[SourceQuality "1"]
[TimeControl "600"]

1. b3 d5 2. Bb2 Nf6 3. d3 c5 4. Nd2 Nc6 5. Ngf3 Qc7 6. e4 {[%emt 0:00:02] A01: Nimzowitsch-Larsen Opening.} d4 $146 (6... e6 7. Qe2 d4 8. g3 Nb4 9. Qd1 b6 10. c3 dxc3 11. Bxc3 Ba6 12. Nc4 Rd8 13. Bxf6 gxf6 {0-1 Candarle,D (1630)-Ledesma,I (1879) Gualeguaychu Baggio Cup 2019 (3)}) 7. c3 e5 8. cxd4 {[%emt 0:00:01] Black is slightly better.} cxd4 9. Rc1 Bd6 10. Be2 O-O 11. O-O Qe7 12. Nc4 Be6 (12... Bc5 $5) 13. Nxd6 Qxd6 14. Qc2 Rfc8 15. Nd2 b5 16. Qb1 h6 17. Rc2 Nb4 18. Rxc8+ Rxc8 19. Rc1 ({Better is} 19. a3 $15) 19... Rxc1+ $17 20. Bxc1 Qc5 21. Ba3 a5 22. Nf3 Nd7 23. Ne1 Qc3 {[%emt 0:00:23][%cal Ob4a2] and ...Nxa2! should not be overlooked} 24. Bb2 Qc7 {[%emt 0:00:10] Space Advantage Black} 25. h4 (25. f4 $11) 25... Nc5 26. Ba3 (26. f4 $15) 26... Nba6 (26... Nxa2 $1 27. Qxa2 b4 (27... Bxb3 28. Qd2 $17) (27... Nxb3 28. Bg4 $15) 28. Bxb4 axb4) 27. Bc1 b4 28. Bd2 (28. f4 $142) 28... Qd6 29. h5 (29. Qc2 $17) 29... Nc7 $1 $19 30. f4 exf4 31. Qc1 Nb5 32. Bxf4 Qb6 33. Bxh6 (33. Bf3 {was worth a try.}) 33... gxh6 34. Qxh6 Qd8 {[%emt 0:00:05] Inhibits Qg5+.} 35. Nf3 Nc3 36. Bf1 Nd7 (36... Nxa2 37. Ng5 a4 (37... Bxb3 $2 38. Qh7+ Kf8 39. Qh8+ Ke7 40. Qxd8+ Kxd8 41. h6 $18) 38. Qh7+ Kf8 39. Qh8+ Ke7 40. Qxd8+ Kxd8 41. h6 axb3 42. h7 $11) 37. e5 Qf8 (37... Nxa2 38. Ng5 Nf8 (38... Bxb3 39. Qh7+ Kf8 40. e6 $17) 39. Ne4 $19) 38. Qg5+ Kh8 39. Qf4 (39. Nxd4 $2 Qc5 (39... Nxa2 40. Nxe6 fxe6 41. d4 $11) 40. Qh6+ Kg8 $19) 39... Qg7 40. Nxd4 Qxe5 41. Qh6+ Kg8 42. Nc6 Qc5+ 43. d4 {[%emt 0:00:01] [#]} Qxc6 ({Black should try} 43... Qf8 $1 $19 44. Qe3 Nf6 (44... Nxa2 45. d5 $14)) 44. Qg5+ $16 Kf8 45. Qd8+ {[%emt 0:00:07][%mdl 1024] White has strong compensation.} (45. h6 $5 Ne5 (45... Nxa2 46. Qd8#) (45... Qb6 46. Qg7+ Ke7 47. h7 $16) 46. Qg7+ Ke7 47. Qxe5 $16) 45... Kg7 46. Qg5+ Kf8 $1 {[%emt 0:00:01] [#]} 47. h6 $1 Qe4 $2 ({And not} 47... Nxa2 48. Qd8#) (47... Qb6 $16 48. Qg7+ Ke7) 48. Qd8# {[%emt 0:00:02] Weighted Error Value: White=0.23 (precise) /Black=0.36  Loses game:     	---       	Black=1      Missed win:     	---       	Black=1      Mistake:       	White=6     	Black=1      Inaccurate:     	White=2     	Black=7      OK:         	White=15    	Black=13     Best:        	White=3     	Black=3      Strong:       	White=1     	Black=1} 1-0

[Event "CCT Chessable Masters Playoffs 2025"]
[Site "Online"]
[Date "2025.02.18"]
[Round "1"]
[White "Erigaisi Arjun"]
[Black "Artemiev, Vladislav"]
[Result "1-0"]
[Annotator "TA"]
[ECO "B15"]
[WhiteElo "2801"]
[BlackElo "2691"]
[PlyCount "67"]
[EventDate "2025.02.13"]
[EventType "k.o."]
[EventCountry "NET"]
[SourceTitle "playchess.com"]
[Source "ChessBase"]
[SourceQuality "1"]
[TimeControl "600"]

1. e4 c6 2. d4 d5 3. f3 g6 4. Nc3 Bg7 5. Be3 Qb6 6. Na4 {[%emt 0:00:25] B15: Caro-Kann: 3 Nc3: 3...g6 and 3...dxe4 4 Nxe4 Nf6 5 Nxf6+ exf6.} Qa5+ 7. c3 Nd7 8. b4 {[%emt 0:00:02] The position is equal.} Qc7 9. e5 f6 10. f4 Nh6 11. Nf3 O-O 12. Bd3 $5 $146 {[%emt 0:00:07][%mdl 8] New and interesting.} (12. Be2 a5 13. a3 Nb6 14. Nb2 Bg4 15. O-O Kh8 16. Qd2 axb4 17. axb4 Rxa1 18. Rxa1 {½-½ Fedoseev,V (2674)-Rozum,I (2566) Titled Tuesday intern op 13th Oct blitz 2020 (3)}) 12... a5 (12... Ng4 $5 13. Bd2 fxe5 14. fxe5 Ndxe5 15. dxe5 Nxe5 16. Nxe5 Qxe5+ 17. Qe2 Qd6 $11) 13. O-O $2 (13. b5 $1 $14 {keeps the upper hand.}) 13... axb4 $1 $17 14. cxb4 (14. Bd2 $17) 14... b5 $2 (14... Ng4 $19 15. Bc1 fxe5) 15. Nc5 $15 Nxc5 16. bxc5 Bf5 17. Bxf5 Nxf5 18. Bf2 (18. Qd3 $11) 18... Ra3 $1 $17 19. Qe2 Rfa8 {[%emt 0:00:38] Black has strong rooks and is better} 20. g4 Nh6 21. h3 ({White should try} 21. Be3) 21... b4 (21... f5 $17 22. g5 Nf7) 22. Rab1 $15 Rxa2 23. Qd1 Rb8 ({Better is} 23... Qc8 $17 {[%cal Oh6g4] ...Nxg4! would now be deadly.} 24. Ne1 R2a3) 24. Be1 $11 Nf7 25. Bxb4 g5 26. Bd2 gxf4 27. Bxf4 fxe5 28. dxe5 Nxe5 {[%emt 0:00:24] [#]} (28... e6 $11) 29. Kh1 $1 $16 Rf8 {[%emt 0:00:13] [#]} 30. Bg3 e6 (30... Ra3 $16) 31. Qb3 $18 Qa5 (31... Raa8 32. Rbe1 (32. Qe3 Nc4 $15) 32... Rxf3 33. Rxf3 Qa5) 32. Nxe5 {[%emt 0:00:34] and Rxf8+ would now be decisive. White is clearly winning.} Ra3 33. Rxf8+ Bxf8 {[%emt 0:00:06] [#]} 34. Qb7 $1 {[%emt 0:00:00] White used his chance.   Weighted Error Value: White=0.25 (precise) /Black=0.57  Missed win:     	---       	Black=1      Mistake:       	White=4     	Black=5      Inaccurate:     	White=2     	Black=3      OK:         	White=9     	Black=8      Best:        	White=2     	Black=1      Strong:       	White=1     	Black=2} 1-0

[Event "CCT Chessable Masters Playoffs 2025"]
[Site "Online"]
[Date "2025.02.18"]
[Round "1"]
[White "Firouzja, Alireza"]
[Black "Giri, Anish"]
[Result "1-0"]
[Annotator "TA"]
[ECO "C55"]
[WhiteElo "2760"]
[BlackElo "2728"]
[PlyCount "89"]
[EventDate "2025.02.13"]
[EventType "k.o."]
[EventCountry "NET"]
[SourceTitle "playchess.com"]
[Source "ChessBase"]
[SourceQuality "1"]
[TimeControl "600"]

1. e4 e5 2. Nf3 Nc6 3. Bc4 Nf6 4. d3 Be7 5. O-O O-O 6. Nc3 d6 7. a4 {[%emt 0:00:01][%cal Ba2a4,Ba4a5][%mdl 32] 7.a3 is setting a new trend. C55: Two Knights: 4 d3, 4 d4 exd4 5 e5 and Max Lange Attack.} Bg4 8. h3 Bh5 9. a5 $5 {[%emt 0:00:02][%mdl 4] White has an edge. A promising side line.} a6 10. Be3 Kh8 11. Nd5 Nxd5 12. Bxd5 {[%emt 0:00:01] [#]} Nxa5 $1 13. g4 Bg6 (13... c6 $2 14. Ba2 $18) 14. Rxa5 c6 15. Qd2 cxd5 16. Rxd5 {[%emt 0:00:00] [#] aiming for Nxe5.} f6 {[%emt 0:00:14] Black wants to play ...b5.} 17. Nh4 $146 (17. Ra5 b6 18. Raa1 d5 19. exd5 Qxd5 20. Nh4 Be8 21. Nf5 Bd8 22. Qb4 Rg8 23. Qe4 Qxe4 24. dxe4 {½-½ Vokhidov,S (2414)-Abdusattorov,N (2550) UZB-ch Tashkent 2018 (12)}) 17... Bf7 18. Ra5 d5 19. exd5 b6 20. Raa1 Bxd5 21. Nf5 Rf7 22. f3 (22. d4 $1 $11 {keeps the balance.}) 22... Bf8 $36 {[%emt 0:00:07][%mdl 2048] Black is really pushing.} 23. Qf2 Rb7 (23... b5 $17) 24. f4 exf4 {[%emt 0:00:06] NOTEXT-51077 Black (f4)} 25. Bxf4 a5 26. Rae1 Rc8 27. Be3 b5 28. Bd4 Kg8 29. h4 Bf7 (29... Rf7 $17 30. c3 Bc6) 30. h5 (30. Re4 $15 {should be considered.}) 30... h6 31. Re2 a4 32. Qf3 Bd5 33. Qe3 b4 34. Kh2 (34. g5 $17 hxg5 35. h6) 34... Bf7 35. Kh3 a3 36. bxa3 bxa3 37. c4 $2 (37. Qf4) 37... Rb3 $19 38. Rd2 Bxc4 39. Nxh6+ (39. Kh4 $142) 39... gxh6 40. Rxf6 Qe8 (40... Qd5 $19 41. Rg6+ Kh7) 41. Rg6+ $18 Kh7 42. Qf3 {[%emt 0:00:01] Threatening mate with Qf5.} Qe1 43. Qf5 {[%emt 0:00:10][%csl Gf5][%cal Rg6g5] White mates.} Qh1+ 44. Kg3 Qe1+ 45. Bf2 {[%emt 0:00:10] Weighted Error Value: White=0.29 (precise) /Black=0.42  Mistake:       	White=5     	Black=2      Inaccurate:     	White=6     	Black=3      OK:         	White=8     	Black=14     Best:        	---       	Black=4} 1-0

[Event "CCT Chessable Masters Playoffs 2025"]
[Site "Online"]
[Date "2025.02.18"]
[Round "1"]
[White "Wei, Yi"]
[Black "Praggnanandhaa R"]
[Result "1/2-1/2"]
[Annotator "TA"]
[ECO "A33"]
[WhiteElo "2755"]
[BlackElo "2741"]
[PlyCount "43"]
[EventDate "2025.02.13"]
[EventType "k.o."]
[EventCountry "NET"]
[SourceTitle "playchess.com"]
[Source "ChessBase"]
[SourceQuality "1"]
[TimeControl "600"]

1. Nf3 Nf6 2. c4 c5 3. Nc3 Nc6 4. d4 cxd4 5. Nxd4 e6 6. g3 Qb6 7. Nb3 Ne5 8. e4 Bb4 9. Qe2 d6 $1 10. Bd2 {[%emt 0:00:14] A33: Symmetrical English: 2 Nf3 Nf6 3 d4 cxd4 4 Nxd4 e6 5 Nc3 Nc6.} a5 11. f4 Nc6 {[%emt 0:00:12] With the idea ...a4.} 12. Be3 {[%emt 0:00:04] The position is equal.} Qc7 13. Nd2 Bxc3 14. bxc3 e5 (14... b6 $11) 15. f5 $146 (15. Bg2 Ng4 16. Bg1 exf4 17. gxf4 Qe7 18. h3 Qh4+ 19. Kd1 Nf6 20. Be3 O-O 21. Qf2 Qxf2 22. Bxf2 {1-0 Mareco,S (2599)-Krysa,L (2464) ARG-chT Villa Martelli 2015 (5.1)}) 15... a4 (15... Nb8 $11) 16. g4 b6 17. Rb1 Nd7 18. g5 {[%emt 0:00:33] White is more active.} Na5 19. Rb4 Nc6 20. Rb1 Na5 $1 21. Rb4 Nc6 22. Rb1 {[%emt 0:00:02] Weighted Error Value: White=0.21 (precise) /Black=0.12 (very precise)   Mistake:       	White=1     	Black=2      Inaccurate:     	White=2     	---        OK:         	White=3     	Black=5      Strong:       	---       	Black=1} ({White should play} 22. Rb5 $14) 1/2-1/2

[Event "CCT Chessable Masters Playoffs 2025"]
[Site "Online"]
[Date "2025.02.18"]
[Round "1"]
[White "Nepomniachtchi, Ian"]
[Black "Duda, Jan-Krzysztof"]
[Result "1-0"]
[Annotator "TA"]
[ECO "B12"]
[WhiteElo "2754"]
[BlackElo "2739"]
[PlyCount "135"]
[EventDate "2025.02.13"]
[EventType "k.o."]
[EventCountry "NET"]
[SourceTitle "playchess.com"]
[Source "ChessBase"]
[SourceQuality "1"]
[TimeControl "600"]

1. e4 c6 2. d4 d5 3. e5 Bf5 4. Nf3 e6 5. Be2 Nd7 6. O-O a5 {[%emt 0:00:00][%cal Ba7a5,Ba5a4][%mdl 32] B12: Caro-Kann: Advance Variation.} 7. c3 a4 8. Nbd2 h6 {[%emt 0:00:02] The position is equal.} 9. Ne1 Ne7 10. Bd3 c5 11. Ndf3 Qc7 $146 (11... g5 12. Bb5 Nc6 13. dxc5 Qa5 14. Nd4 Bg6 15. Nec2 Bxc2 16. Qxc2 Bxc5 17. Bxc6 bxc6 {½-½ Kryvoruchko,Y (2705)-Donchenko,A (2587) FRA-chT Top 12 2018 (2)}) 12. Nh4 Bxd3 13. Nxd3 c4 14. Nb4 Nc6 (14... g5 $5 15. Nf3 $8 Ng6 $11) 15. a3 b5 16. Qg4 Nxb4 17. axb4 O-O-O 18. g3 g6 19. Qf3 Rh7 20. Ng2 Be7 21. h4 (21. Qe2 $11) 21... h5 (21... g5 $15) 22. Nf4 Qc6 23. Nh3 Rg8 24. Bg5 Bf8 {[%emt 0:00:01] Black is weak on the dark squares} 25. Rfe1 Nb8 26. Bf6 Bh6 $1 27. Be7 Qd7 28. Bg5 Bf8 29. Qe2 Kb7 30. f3 Nc6 31. Kg2 Ne7 32. Rh1 Nf5 33. Qf2 Be7 34. Raf1 Kc6 35. Qd2 Bf8 36. g4 hxg4 (36... Nh6 $11 {remains equal.}) 37. fxg4 $16 Nxh4+ 38. Kg3 {[%emt 0:00:08][%cal Bg2g3,Bg3f2,Bf2e3,Be3d2][%mdl 32] White is more active.} Nf5+ 39. gxf5 gxf5 40. Kf2 Rgh8 41. Qe3 Bh6 42. Bxh6 Rxh6 43. Qf3 (43. Ke1 $142) 43... Qe7 44. Nf4 Rh2+ 45. Ke3 Qh4 (45... Qd8 $16) 46. Rxh2 $18 Qxh2 47. Qf2 Qh6 48. Rg1 {[%emt 0:00:05] Against Rg8} Kd7 49. Qg3 Ke8 50. Kd2 Qh2+ 51. Qxh2 Rxh2+ {[%emt 0:00:00][%mdl 4096] Endgame KRN-KR} 52. Rg2 Rh4 53. Rg8+ Ke7 54. Ne2 (54. Ke3 $18) 54... Rh2 (54... f4 $16) 55. Ke3 Rh1 56. Rg1 Rh3+ 57. Kd2 Rh2 58. Ke1 Kf8 59. Kf1 Rh3 60. Kf2 {[%emt 0:00:03] Repels f4} Rd3 61. Rh1 {[%emt 0:00:08] aiming for Ke1.} Kg7 (61... Rd2 $16 62. Rh8+ Ke7) 62. Ke1 Rf3 {[%emt 0:00:05] Inhibits Nf4.} (62... Re3 {might work better.} 63. Rg1+ Kh7) 63. Rg1+ Kh7 $2 {[%emt 0:00:07] [#]} (63... Kh6 64. Rg8 Re3) 64. Rg3 {[%emt 0:00:01] White is clearly winning.} Rxg3 65. Nxg3 Kg6 66. Kf2 Kh6 67. Kf3 Kg5 68. Nf1 {[%emt 0:00:02] Weighted Error Value: White=0.11 (very precise) /Black=0.16 (very precise)   Mistake:       	White=3     	Black=7      Inaccurate:     	White=2     	Black=5      OK:         	White=18    	Black=20     Best:        	White=6     	---        Strong:       	---       	Black=1} 1-0

[Event "CCT Chessable Masters Playoffs 2025"]
[Site "Online"]
[Date "2025.02.18"]
[Round "1"]
[White "So, Wesley"]
[Black "Yu, Yangyi"]
[Result "1/2-1/2"]
[Annotator "TA"]
[ECO "D35"]
[WhiteElo "2747"]
[BlackElo "2715"]
[PlyCount "76"]
[EventDate "2025.02.13"]
[EventType "k.o."]
[EventCountry "NET"]
[SourceTitle "playchess.com"]
[Source "ChessBase"]
[SourceQuality "1"]
[TimeControl "600"]

1. d4 Nf6 2. c4 e6 3. Nc3 d5 4. cxd5 exd5 5. Bg5 Be7 6. e3 h6 7. Bh4 O-O 8. Bd3 Re8 9. Nge2 {[%emt 0:00:03] D35: Queen's Gambit Declined: Exchange Variation.} c6 10. O-O Nbd7 11. a4 {[%emt 0:00:17][%cal Ba2a4,Ba4a5][%mdl 32] The position is equal.} Nh5 $1 {[%emt 0:00:02] 11...Nh5 scores better than 11...a5.} 12. Bxe7 Qxe7 13. a5 Nf8 14. Qc2 Bg4 15. Ng3 $146 ({Predecessor:} 15. h3 Bxe2 16. Nxe2 Rac8 17. Rab1 a6 18. b4 Nf6 19. Rfe1 Ne4 20. f3 Nd6 21. Ng3 {½-½ Urkedal,F (2536)-Panda,S (2377) Fagernes op 2024 (2)}) 15... Nxg3 16. hxg3 Bd7 17. Na4 Ne6 18. b4 Rad8 19. Nc5 Bc8 20. Rab1 a6 21. Rbe1 Nxc5 22. bxc5 Qf6 23. Qe2 g6 24. Qf3 $2 (24. Kh2 $11 {and White stays safe.}) 24... Qxf3 $19 25. gxf3 Bh3 26. Rb1 {[%emt 0:00:13][%cal Ob1b7] [#] Rxb7! is the strong threat.} Bxf1 27. Kxf1 {[%emt 0:00:00][%mdl 4096] Endgame KRR-KRB} Re7 28. Kg2 Kg7 29. f4 f5 30. Rh1 Rh8 31. Kf3 h5 32. Rh4 Kf6 33. Kg2 Rg7 34. Be2 Rgh7 35. Bf3 Ke7 36. Be2 Kf6 37. Bf3 $1 Ke7 38. Be2 $1 Kf6 $2 {[%emt 0:00:00] Weighted Error Value: White=0.12 (very precise) /Black=0.14 (very precise)   Loses game:     	White=1     	---        Missed win:     	---       	Black=1      Inaccurate:     	White=1     	Black=1      OK:         	White=9     	Black=11     Best:        	---       	Black=2      Strong:       	White=2     	---} (38... Kd7 $19 39. Bd3 Kc7) 1/2-1/2